 Dungeon Crawl Stone Soup version 0.26-a0-466-g989023bd0d (webtiles) character file.

Game seed: 17432274313274808108

13159 DeltaSign the Cleaver (level 11, 0/107 HPs)
             Began as a Minotaur Berserker on July 28, 2020.
             Was a High Priest of Trog.
             Slain by a skeletal warrior
             ... wielding a +0 glaive
             ... led by a skeletal warrior
              (5 damage)
             ... on level 11 of the Dungeon.
             The game lasted 00:23:32 (12533 turns).

DeltaSign the Cleaver (Minotaur Berserker)         Turns: 12533, Time: 00:23:33

Health: 0/107      AC: 18    Str: 23    XL:     11   Next: 71%
Magic:  0/10       EV:  7    Int:  4    God:    Trog [*****.]
Gold:   817        SH: 12    Dex: 12    Spells: 10/10 levels left

rFire    . . .     SeeInvis .   w - +0 war axe
rCold    . . .     Faith    .   k - +0 kite shield
rNeg     . . .     Spirit   +   l - +0 plate armour
rPois    .         Reflect  .   (helmet restricted)
rElec    .         Harm     .   z - +0 cloak
rCorr    .                      (no gloves)
MR       +....                  p - +1 pair of boots
Stlth    ..........             I - amulet of guardian spirit
HPRegen  0.27/turn              a - ring of protection from magic
MPRegen  0.12/turn              R - +4 ring of slaying

@: berserk cooldown, slowed, very slow
A: retaliatory headbutt, horns 2
a: Berserk, Trog's Hand, Brothers in Arms, Renounce Religion


You were on level 11 of the Dungeon.
You worshipped Trog.
Trog was extremely pleased with you.
You visited 1 branch of the dungeon, and saw 11 of its levels.

You collected 817 gold pieces.

Inventory:

Hand Weapons
 w - a +0 war axe (weapon)
Armour
 k - a +0 kite shield (worn)
 l - a +0 plate armour (worn)
 p - a +1 pair of boots (worn)
 z - a +0 cloak (worn)
Jewellery
 a - a ring of protection from magic (left hand)
 e - an uncursed ring of fire
 C - an uncursed ring of see invisible
 I - an amulet of guardian spirit (around neck)
 P - an uncursed ring of poison resistance
 R - a +4 ring of slaying (right hand)
Wands
 s - a wand of digging (18)
 v - a wand of iceblast (13)
 G - a wand of flame (56)
 H - a wand of paralysis (2)
 L - a wand of acid (6)
 N - a wand of random effects (14)
Scrolls
 b - 3 scrolls of enchant weapon
 f - 5 scrolls of teleportation
 g - 2 scrolls of enchant armour
 t - 4 scrolls of immolation
 u - 5 scrolls of magic mapping
 x - a scroll of fog {unknown}
 y - 3 scrolls of fear
 B - a scroll of blinking
 D - a scroll of remove curse
Potions
 c - a potion of magic {unknown}
 d - 3 potions of degeneration {unknown}
 h - 7 potions of curing {unknown}
 i - 4 potions of brilliance {unknown}
 j - 3 potions of mutation {unknown}
 o - 2 potions of lignification {unknown}
 q - 2 potions of invisibility {unknown}
 r - 4 potions of heal wounds {unknown}
 A - 2 potions of might {unknown}
 E - a potion of stabbing {unknown}
 F - 2 potions of ambrosia {unknown}
 K - a potion of cancellation {unknown}
 M - 2 potions of flight {unknown}
 O - a potion of berserk rage {unknown}
 Q - a potion of haste {unknown}


   Skills:
 * Level 13.2 Fighting
 * Level 13.2 Axes
 + Level 9.6 Armour
 - Level 2.3 Dodging
 + Level 9.1 Shields


You had 10 spell levels left.
You didn't know any spells.
Your spell library was empty.

Dungeon Overview and Level Annotations

Branches:
Dungeon (11/15)            Temple (0/1) D:5            Lair (0/6) D:8
    Orc (0/2) D:9

Altars:
Ashenzari
Dithmenos
Elyvilon
Fedhas
Gozag
Nemelex Xobeh
Qazlal
Sif Muna
Trog
Xom
Zin
The Shining One


Innate Abilities, Weirdness & Mutations

You reflexively headbutt those who attack you in melee.
You have a pair of horns on your head.


Message History

The skeletal warrior hits you from afar with a +0 glaive!
* * * LOW HITPOINT WARNING * * *
The skeletal warrior hits you with a +0 glaive.
* * * LOW HITPOINT WARNING * * *
You hit the skeletal warrior.
The skeletal warrior is heavily damaged.
You hit the skeletal warrior but do no damage.
The skeletal warrior is heavily damaged.
The skeletal warrior hits you from afar with a +0 glaive!
* * * LOW HITPOINT WARNING * * *
You slash the skeletal warrior!
The skeletal warrior is heavily damaged.
You are no longer berserk.
You are exhausted.
You feel yourself slow down.
You block the skeletal warrior's attack.
You hit the skeletal warrior but do no damage.
The skeletal warrior is heavily damaged.
The skeletal warrior hits you from afar with a +0 glaive!
You die...

..............
###......#####
#......# ##.##### #.#
#.# #.## ####+####
#..# #####.......#
##.# #...'@z.....+
###.######.###)......#
#...^..##..# #z......#
.#......##.##
#.......#
#...........#
#..)....#
###......####
#...(...# #####.##
#$......# #.#
#.......# #.#


You could see 2 skeletal warriors.

Vanquished Creatures
  Erolcha (D:11)
  Erica (D:8)
  2 two-headed ogres
  Urug (D:10)
  2 skeletal warriors (D:11)
  Pikel (D:4)
  A manticore (D:10)
  A centaur zombie (D:10)
  An elephant (D:8)
  2 gargoyles (D:11)
  A troll (D:10)
  A hippogriff (D:8)
  Sigmund (D:4)
  A basilisk (D:8)
  A wraith (D:9)
  A yak (D:8)
  Grum (D:10)
  Menkaure (D:5)
  Edmund (D:4)
  2 ice beasts
  3 phantoms
  An orc warrior (D:6)
  2 eyes of draining (D:6)
  Duvessa (D:4)
  A black bear (D:7)
  3 sky beasts
  5 centaurs
  3 wolves (D:10)
  9 ogres
  A crocodile (D:8)
  A lemure (D:4)
  A big kobold (D:8)
  Blork the orc (D:4)
  Dowan (D:4)
  2 bullfrogs
  2 scorpions
  3 killer bees (D:10)
  9 wights
  3 electric eels (D:8)
  2 howler monkeys
  A bullfrog zombie (D:5)
  7 hounds
  Crazy Yiuf (D:7)
  6 orc priests
  2 centaur skeletons
  2 bullfrog skeletons
  Ijyb (D:3)
  An iguana (D:4)
  9 orc wizards
  8 worker ants
  A hound zombie (D:5)
  2 worker ant zombies
  8 gnolls
  13 adders
  4 shadow imps
  2 white imps
  An ufetubus (D:6)
  An ooze (D:5)
  3 adder skeletons
  2 worms
  4 dart slugs
  6 leopard geckos
  37 orcs
  2 ball pythons
  11 bats
  5 giant cockroaches
  14 goblins
  6 hobgoblins
  4 jackals (D:1)
  2 quokkas (D:2)
  7 frilled lizards
  A goblin zombie (D:6)
  A hobgoblin zombie (D:6)
  14 kobolds
  4 kobold zombies (D:6)
  A leopard gecko skeleton (D:8)
  3 orc skeletons (D:6)
  An orc zombie (D:6)
  A quokka skeleton (D:6)
  12 rats
289 creatures vanquished.

Notes
Turn   | Place    | Note
-------+----------+-------------------------------------------
     0 | D:1      | DeltaSign the Minotaur Berserker began the quest for the
                  | Orb.
     0 | D:1      | Reached XP level 1. HP: 19/19 MP: 0/0
   397 | D:1      | Reached XP level 2. HP: 26/27 MP: 1/1
   654 | D:1      | Reached skill level 1 in Shields
   687 | D:1      | Reached ** piety under Trog
   717 | D:1      | Reached XP level 3. HP: 33/33 MP: 2/2
  1595 | D:2      | Reached XP level 4. HP: 41/41 MP: 3/3
  1899 | D:3      | Reached *** piety under Trog
  1910 | D:3      | Noticed Ijyb
  1955 | D:3      | Killed Ijyb
  2085 | D:3      | Reached skill level 5 in Fighting
  2132 | D:3      | Reached XP level 5. HP: 47/48 MP: 4/4
  2265 | D:3      | Reached skill level 5 in Axes
  2649 | D:4      | Found a shattered altar of Ashenzari.
  2683 | D:4      | Noticed Blork the orc
  2685 | D:4      | Noticed Edmund
  2689 | D:4      | Killed Blork the orc
  2689 | D:4      | Reached XP level 6. HP: 56/56 MP: 5/5
  2695 | D:4      | Killed Edmund
  2765 | D:4      | Noticed Duvessa
  2768 | D:4      | Noticed Dowan
  2778 | D:4      | Killed Duvessa
  2778 | D:4      | Reached XP level 7. HP: 54/64 MP: 6/6
  3136 | D:4      | Killed Dowan
  3198 | D:4      | You fall into a shaft and drop 3 floors!
  3259 | D:7      | Found a white marble altar of Elyvilon.
  3265 | D:7      | Found a sparkling altar of Nemelex Xobeh.
  3337 | D:7      | Reached **** piety under Trog
  3462 | D:6      | Reached skill level 5 in Armour
  3462 | D:6      | Reached XP level 8. HP: 54/73 MP: 7/7
  3718 | D:6      | Found a glowing golden altar of the Shining One.
  3934 | D:5      | Entered Level 5 of the Dungeon
  4007 | D:5      | Found a stormy altar of Qazlal.
  4026 | D:4      | Noticed Sigmund
  4039 | D:4      | Killed Sigmund
  4558 | D:4      | Found a shimmering blue altar of Sif Muna.
  4592 | D:4      | Reached skill level 5 in Shields
  4600 | D:4      | Found an opulent altar of Gozag.
  4922 | D:4      | Noticed Pikel
  4934 | D:4      | Killed Pikel
  4934 | D:4      | Reached ***** piety under Trog
  4934 | D:4      | Reached XP level 9. HP: 54/83 MP: 8/8
  5636 | D:5      | Noticed Menkaure
  5641 | D:5      | Killed Menkaure
  5825 | D:5      | Found a staircase to the Ecumenical Temple.
  6553 | D:6      | Found a bloodstained altar of Trog.
  6563 | D:6      | Reached skill level 10 in Fighting
  6736 | D:7      | Reached skill level 10 in Axes
  7094 | D:7      | Found a runed translucent door.
  7095 | D:7      | Noticed Crazy Yiuf
  7558 | D:7      | Found a blossoming altar of Fedhas.
  7777 | D:7      | Killed Crazy Yiuf
  7861 | D:8      | Noticed an elephant
  7865 | D:8      | Noticed an angel
  7870 | D:8      | Killed an elephant
  7963 | D:8      | Reached XP level 10. HP: 94/94 MP: 9/9
  7996 | D:8      | Noticed a two-headed ogre
  8005 | D:8      | Killed a two-headed ogre
  8303 | D:8      | Found a staircase to the Lair.
  8456 | D:8      | Found a transporter.
  8469 | D:8      | Found a transporter.
  8496 | D:8      | Found a shadowy altar of Dithmenos.
  8566 | D:8      | Noticed Erica
  8577 | D:8      | Paralysed by Erica for 5 turns
  8589 | D:8      | Killed Erica
  8998 | D:8      | Received a gift from Trog
  9248 | D:8      | Found a glowing silver altar of Zin.
  9248 | D:8      | Found a shimmering altar of Xom.
  9860 | D:9      | Found a staircase to the Orcish Mines.
  9907 | D:9      | Noticed a two-headed ogre
  9915 | D:9      | Killed a two-headed ogre
 10398 | D:9      | Found a blossoming altar of Fedhas.
 10527 | D:10     | Entered Level 10 of the Dungeon
 10534 | D:9      | Reached XP level 11. HP: 104/104 MP: 10/10
 10711 | D:10     | Noticed Grum
 10722 | D:10     | Killed Grum
 10995 | D:10     | Noticed Urug
 11005 | D:10     | Killed Urug
 12504 | D:11     | Noticed Erolcha
 12504 | D:11     | Noticed a skeletal warrior
 12504 | D:11     | Noticed a skeletal warrior
 12504 | D:11     | Noticed a skeletal warrior
 12505 | D:11     | Noticed a skeletal warrior
 12510 | D:11     | Killed Erolcha
 12514 | D:11     | Killed a skeletal warrior
 12522 | D:11     | Killed a skeletal warrior
 12531 | D:11     | HP: 6/160 [skeletal warrior/+0 glaive[a skeletal warrior]
                  | (8)]
 12533 | D:11     | Slain by a skeletal warrior

Illustrated notes

Levels and vault maps discovered:
D:1:      evilmike_arrival_crescent, layout_basic
D:2:      layout_loops_ring
D:3:      layout_loops_ring, corner_web_ring, uniq_ijyb
D:4:      layout_basic, marbit_many_paths, grunt_gozag_breadcrumbs,
          evilmike_ruin_ashenzari, kennysheep_generic_room_2,
          uniq_blork_the_orc, uniq_sigmund, uniq_duvessa, uniq_edmund,
          uniq_pikel
D:5:      layout_loops_cross, nicolae_qazlal_general_emergency, temple_pool_b,
          uniq_menkaure
D:6:      layout_loops_ring, trog_eyes_of_draining, nicolae_tso_besieged_by_evil
D:7:      layout_basic, grunt_temple_overflow_open,
          hangedman_decor_clover_reticule, fedhas_bush_and_centaur_altar,
          uniq_crazy_yiuf_cottage
D:8:      gammafunk_steamed_eel, layout_loops_ring,
          grunt_temple_overflow_order_and_chaos_1, grunt_dithmenos_shadows,
          david_lair_generic, uniq_erica
D:9:      layout_roguey, kennysheep_mini, orc_0_dummy
D:10:     layout_loops_ring, wad_mini_maze, uniq_grum, uniq_urug
D:11:     layout_roguey, kennysheep_generic_room_3, uniq_erolcha

Skill      XL: |  1  2  3  4  5  6  7  8  9 10 11 |
---------------+----------------------------------+-----
Fighting       | 4 5 6 7 9 10 12 13 | 13.2
Axes           | 4 5 6 7 9 10 12 13 | 13.2
Shields        | 1 2 3 4 5 6 8 9 |  9.1
Armour         | 3 4 5 6 7 8 9 |  9.6
Dodging        | |  2.3

Action                   |  1- 3 |  4- 6 |  7- 9 | 10-12 || total
-------------------------+-------+-------+-------+-------++-------
Melee: Hand axe          |    96 |    85 |       |       ||   181
       Headbutt          |    12 |    16 |    65 |    70 ||   163
       War axe           |       |    37 |   350 |   300 ||   687
Invok: Berserk           |       |       |     5 |     5 ||    10
Evoke: Wand              |       |       |       |     4 ||     4
  Use: Scroll            |       |     3 |     5 |     3 ||    11
Armor: Animal skin       |     4 |       |       |       ||     4
       Plate armour      |    35 |    60 |   205 |   110 ||   410
       Chain mail        |     5 |       |       |       ||     5
       Skin              |       |    10 |       |       ||    10
Dodge: Dodged            |    38 |    32 |    66 |    49 ||   185
Block: Buckler           |    11 |    10 |    21 |       ||    42
       Kite shield       |       |       |   103 |   147 ||   250

Table legend: (Time is in decaauts)
 A = Elapsed time spent in this place.
 B = Non-inter-level travel time spent in this place.
 C = Inter-level travel time spent in this place.
 D = Time resting spent in this place.
 E = Time spent auto-exploring this place.
 F = Levels seen in this place.
 G = Mean time per level.
                   A        B        C        D        E       F      G
               +--------+--------+--------+--------+--------+-----+--------+
         Total |  12668 |  12374 |    294 |   3132 |   7120 |  11 | 1151.6 |
       Dungeon |  12668 |  12374 |    294 |   3132 |   7120 |  11 | 1151.6 |
               +--------+--------+--------+--------+--------+-----+--------+

Top non-repeatable levels by time:
     D:4: 1998 daAuts
     D:7: 1734 daAuts
    D:10: 1627 daAuts
     D:8: 1469 daAuts
     D:1: 1180 daAuts
     D:6: 1133 daAuts
     D:9: 961 daAuts
     D:5: 831 daAuts
     D:3: 773 daAuts
     D:2: 651 daAuts
    D:11: 306 daAuts
